 Dungeon Crawl Stone Soup version 0.23.1-42-g8abd8fc (webtiles) character file.

Game seed: 16278101889601668779

12352 Kairos the Basher (level 11, -10/95 HPs)
             Began as a Minotaur Fighter on Mar 30, 2019.
             Was a Priest of Uskayaw.
             Killed by divine providence
             ... invoked by an orc priest
              (14 damage)
             ... on level 12 of the Dungeon.
             The game lasted 00:14:08 (9940 turns).

Kairos the Basher (Minotaur Fighter)                Turns: 9940, Time: 00:14:08

Health: -10/95     AC: 17    Str: 26    XL:     11   Next: 61%
Magic:  0/15       EV: 10    Int:  5    God:    Uskayaw [***...]
Gold:   487        SH:  8    Dex: 12    Spells: 10/10 levels left

rFire    . . .     SeeInvis .   w - +10 flail of Hacking and Slashing {holy, rElec Dex+5}
rCold    + . .     Gourm    .   y - +2 buckler "Ticlempo" {rC+ Str+2 Dex-3 Stlth+}
rNeg     . . .     Faith    .   B - +0 chain mail {MR+}
rPois    +         Spirit   +   (helmet restricted)
rElec    +         Reflect  .   t - +2 cloak
rCorr    .         Harm     .   x - +0 pair of gloves
MR       +....                  m - +0 pair of boots
Stlth    ++........             o - amulet of guardian spirit
HPRegen  0.25/turn              E - ring of stealth
MPRegen  0.14/turn              u - ring of poison resistance

@: no status effects
A: retaliatory headbutt, horns 2
a: Stomp, Line Pass, Renounce Religion


You were on level 12 of the Dungeon.
You worshipped Uskayaw.
Uskayaw was noncommittal.
You were very hungry.

You visited 1 branch of the dungeon, and saw 12 of its levels.
You also visited: Ossuary.

You collected 707 gold pieces.
You spent 220 gold pieces at shops.

Inventory:

Hand Weapons
 a - a +1 war axe
 w - the +10 flail of Hacking and Slashing (weapon) {holy, rElec Dex+5}
   (You found it on level 5 of the Dungeon)

   It has been blessed by the Shining One to cause great damage to the undead
   and demons.
   It affects your dexterity (+5).
   It insulates you from electricity.
 N - a +2 hand axe of chopping
 O - a +0 hand axe of draining
 R - a +2 hand axe of flaming
 T - a +2 hand axe of venom
Armour
 m - a +0 pair of boots (worn)
 t - a +2 cloak (worn)
 x - a +0 pair of gloves (worn)
 y - the +2 buckler "Ticlempo" (worn) {rC+ Str+2 Dex-3 Stlth+}
   (You found it on level 6 of the Dungeon)

   It affects your strength (+2).
   It affects your dexterity (-3).
   It protects you from cold.
   It makes you more stealthy.
 B - a +0 chain mail of magic resistance (worn)
Magical Staves
 H - an uncursed staff of earth
Jewellery
 h - an uncursed ring of wizardry
 o - an amulet of guardian spirit (around neck)
 u - a ring of poison resistance (right hand)
 E - a ring of stealth (left hand)
 P - an uncursed ring of stealth
Wands
 s - a wand of polymorph (19)
 D - a wand of paralysis (8)
 F - a wand of flame (23)
 G - a wand of acid (13)
 I - a wand of disintegration (26)
 M - a wand of random effects (36)
 Q - a wand of digging (1)
 S - a wand of iceblast (3)
Scrolls
 g - 8 scrolls of teleportation
 i - a scroll of fear
 j - 10 scrolls of remove curse
 n - 4 scrolls of identify
 q - 2 scrolls of fog
 v - 2 scrolls of magic mapping
 A - 3 scrolls of enchant weapon
 C - a scroll of blinking
 K - a scroll of torment
 U - a scroll of enchant armour
Potions
 d - 4 potions of might
 e - a potion of flight
 l - 5 potions of curing
 p - a potion of heal wounds
 r - 2 potions of agility
 J - 3 potions of lignification
 L - 2 potions of ambrosia
Comestibles
 f - 22 rations
 V - 3 chunks of flesh


   Skills:
 + Level 8.5 Fighting
 + Level 9.1(11.0) Axes
 + Level 10.0(11.4) Maces & Flails
 + Level 9.3 Armour
 + Level 4.0 Dodging
 + Level 4.8 Stealth
 + Level 8.0 Shields
 + Level 0.1 Unarmed Combat
 * Level 7.4 Invocations
 + Level 0.1 Evocations


You had 10 spell levels left.
You didn't know any spells.
Your spell library contained the following spells:

 Spells                   Type           Power        Failure   Level  Hunger
 Animate Skeleton         Necr           N/A          95%         1    ##.....
 Apportation              Tloc           #.....       95%         1    ##.....
 Confusing Touch          Hex            #.....       95%         1    ##.....
 Summon Small Mammal      Summ           #...         95%         1    ##.....


Dungeon Overview and Level Annotations

Branches:
Dungeon (11/15)            Temple (0/1) D:5            Lair (0/6) D:10
    Orc (0/2) D:10

Altars:
Kikubaaqudgha
Nemelex Xobeh
Uskayaw
Vehumet
Xom
The Shining One
Beogh

Shops:
D:5 =

Portals:
Trove: D:10 (show abyssal rune of Zot)


Innate Abilities, Weirdness & Mutations

You reflexively headbutt those who attack you in melee.
You have a pair of horns on your head.


Message History

The skeletal warrior hits you but does no damage.
The orc shouts!
You bludgeon the skeletal warrior!!
The skeletal warrior convulses!!
You destroy the skeletal warrior!
Your Dodging skill increases to level 4!
The skeletal warrior hits you from afar with a +0 trident!
* * * LOW HITPOINT WARNING * * *
You block the skeletal warrior's attack.
The hungry ghost barely misses you. You furiously retaliate!
You headbutt the hungry ghost! Something hits you but does no damage.
Uskayaw will force your foes to helplessly watch your dance.
You barely miss the skeletal warrior.
The skeletal warrior is lightly damaged.
You block the skeletal warrior's attack.
A crocodile comes into view.
The skeletal warrior hits you from afar with a +0 trident!!
* * * LOW HITPOINT WARNING * * *
The orc priest mumbles some strange prayers to Beogh against you.
Beogh smites you!
You die...

.. ##. .o.
##.... ...#
####....#
...t#####z.z..#
#...o.>.z@.#
#.o$o.W###
###..o## ##..##
#...# ##..##
#...##### .###
##..##..####
....##
##.........###


You could see 3 skeletal warriors, a hungry ghost, a crocodile (wandering), an
orc priest and 3 orcs.

Vanquished Creatures
  A fire giant (D:9)
  A hydra (D:9)
  A skeletal warrior (D:12)
  A cyclops (D:9)
  2 dream sheep (D:9)
  Sigmund (D:2)
  5 hippogriffs
  2 wraiths (Ossuary)
  13 yaks
  2 hungry ghosts (D:10)
  A warg (D:10)
  2 porcupines (D:10)
  A water moccasin (D:8)
  4 orc warriors
  5 sky beasts
  4 ice beasts
  3 ogres
  A necrophage (D:10)
  3 centaurs (D:5)
  4 bullfrogs
  4 big kobolds
  4 scorpions
  8 killer bees
  7 wights
  5 howler monkeys
  7 electric eels (D:7)
  3 crimson imps
  A lava snake (D:9)
  A jelly (D:9)
  A centaur skeleton (D:5)
  7 orc priests
  9 hounds
  A gnoll shaman (D:5)
  Crazy Yiuf (D:4)
  A bullfrog skeleton (D:3)
  6 orc wizards
  4 iguanas
  6 worker ants
  A hound zombie (D:5)
  A howler monkey zombie (D:10)
  A howler monkey skeleton (D:10)
  4 gnolls (D:5)
  16 adders
  2 shadow imps
  An ooze (D:2)
  2 adder zombies (Ossuary)
  5 worms
  2 dart slugs
  2 leopard geckos
  47 orcs
  2 ball pythons (D:2)
  4 giant cockroaches
  5 goblins
  4 hobgoblins (D:2)
  6 quokkas
  2 ball python skeletons (Ossuary)
  7 bats
  2 frilled lizards
  2 hobgoblin zombies (Ossuary)
  6 kobolds
  A kobold zombie (Ossuary)
  2 orc skeletons (Ossuary)
  6 rats
266 creatures vanquished.

Vanquished Creatures (others)
  2 plants (D:7)
2 creatures vanquished.

Grand Total: 268 creatures vanquished

Notes
Turn   | Place    | Note
-------+----------+-------------------------------------------
     0 | D:1      | Kairos the Minotaur Fighter began the quest for the Orb.
     0 | D:1      | Reached XP level 1. HP: 19/19 MP: 0/0
   374 | D:1      | Reached XP level 2. HP: 24/27 MP: 1/1
   744 | D:2      | Found a glowing golden altar of the Shining One.
   744 | D:2      | Found a sparkling altar of Nemelex Xobeh.
   744 | D:2      | Found a radiant altar of Vehumet.
   771 | D:2      | Noticed Sigmund
   778 | D:2      | Killed Sigmund
   778 | D:2      | Reached skill level 5 in Armour
   778 | D:2      | Reached skill level 1 in Dodging
   778 | D:2      | Reached XP level 3. HP: 21/34 MP: 2/2
   778 | D:2      | Reached XP level 4. HP: 25/41 MP: 3/3
   778 | D:2      | Reached XP level 5. HP: 29/47 MP: 4/4
  1273 | D:3      | Reached skill level 5 in Axes
  1273 | D:3      | Reached XP level 6. HP: 10/53 MP: 5/5
  1786 | D:3      | Noticed a +0 hand axe
  1787 | D:3      | Noticed a +0 dagger
  1805 | D:3      | Found a hide-covered altar of Uskayaw.
  2129 | D:3      | Became a worshipper of Uskayaw the Reveler
  2143 | D:4      | Noticed an ice beast
  2145 | D:4      | Reached * piety under Uskayaw
  2150 | D:4      | Reached ** piety under Uskayaw
  2151 | D:4      | Killed an ice beast
  2162 | D:4      | Reached *** piety under Uskayaw
  2308 | D:4      | Reached skill level 5 in Shields
  2308 | D:4      | Reached XP level 7. HP: 60/60 MP: 6/6
  2499 | D:4      | Found a runed translucent door.
  2500 | D:4      | Noticed Crazy Yiuf
  2588 | D:4      | Reached **** piety under Uskayaw
  2644 | D:4      | Found a shimmering altar of Xom.
  2771 | D:4      | Reached skill level 1 in Invocations
  3049 | D:4      | Killed Crazy Yiuf
  3097 | D:5      | Entered Level 5 of the Dungeon
  3108 | D:5      | Reached skill level 5 in Fighting
  3190 | D:5      | Found Deikhley's Jewellery Emporium.
  3209 | D:5      | Reached XP level 8. HP: 57/68 MP: 8/8
  3212 | D:5      | Bought an uncursed ring of poison resistance for 220 gold
                  | pieces
  3289 | D:5      | Reached skill level 1 in Stealth
  3312 | D:5      | Got a translucent flail
  3313 | D:5      | Identified the +10 flail of Hacking and Slashing {holy,
                  | rElec Dex+5} (You found it on level 5 of the Dungeon)
  3607 | D:5      | Found a staircase to the Ecumenical Temple.
  3761 | D:5      | Reached skill level 1 in Maces & Flails
  4024 | D:6      | Got a faintly humming buckler
  4035 | D:6      | Identified the +2 buckler "Ticlempo" {rC+ Str+2 Dex-3
                  | Stlth+} (You found it on level 6 of the Dungeon)
  4069 | D:6      | Reached skill level 2 in Maces & Flails
  4207 | D:6      | Reached XP level 9. HP: 75/75 MP: 10/10
  4712 | D:7      | Reached skill level 3 in Maces & Flails
  5171 | D:7      | Reached skill level 4 in Maces & Flails
  5978 | D:8      | Reached skill level 5 in Maces & Flails
  5999 | D:8      | Found a sand-covered staircase.
  6012 | Ossuary  | Entered an ossuary
  6142 | Ossuary  | Reached skill level 5 in Invocations
  6155 | Ossuary  | Reached skill level 6 in Maces & Flails
  6559 | D:8      | Reached XP level 10. HP: 86/86 MP: 12/12
  6642 | D:8      | Reached skill level 7 in Maces & Flails
  6782 | D:8      | Found a roughly hewn altar of Beogh.
  6788 | D:8      | Reached ***** piety under Uskayaw
  7096 | D:9      | Noticed a cyclops
  7100 | D:9      | Noticed a fire giant
  7104 | D:9      | Killed a cyclops
  7104 | D:9      | Reached skill level 8 in Maces & Flails
  7112 | D:9      | Killed a fire giant
  7112 | D:9      | Reached skill level 9 in Maces & Flails
  7725 | D:9      | Found an ancient bone altar of Kikubaaqudgha.
  8041 | D:9      | Noticed a three-headed hydra
  8050 | D:9      | Killed a three-headed hydra
  8050 | D:9      | Reached XP level 11. HP: 54/94 MP: 6/15
  8901 | D:10     | Entered Level 10 of the Dungeon
  9017 | D:10     | Found a portal to a secret trove of treasure.
  9490 | D:10     | Found a staircase to the Orcish Mines.
  9704 | D:10     | Found a staircase to the Lair.
  9752 | D:10     | Reached skill level 10 in Maces & Flails
  9878 | D:11     | You fall through a shaft!
  9926 | D:12     | Noticed a skeletal warrior
  9926 | D:12     | Noticed a skeletal warrior
  9926 | D:12     | Noticed a skeletal warrior
  9927 | D:12     | Noticed a skeletal warrior
  9938 | D:12     | Killed a skeletal warrior
  9939 | D:12     | HP: 4/95 [skeletal warrior/+0 trident[a skeletal warrior]
                  | (16)]
  9940 | D:12     | Killed from afar by an orc priest

Skill      XL: |  1  2  3  4  5  6  7  8  9 10 11 |
---------------+----------------------------------+-----
Armour         | 4 5 6 7 8 9 |  9.3
Fighting       | 4 5 6 7 8 |  8.5
Axes           | 4 5 6 8 9 |  9.1
Dodging        | 1 2 3 4 |  4.0
Shields        | 4 5 6 7 8 |  8.0
Invocations    | 2 3 5 6 7 |  7.4
Stealth        | 1 2 3 4 |  4.8
Maces & Flails | 2 6 9 10 | 10.0
Unarmed Combat | |  0.1
Evocations     | |  0.1

Action                   |  1- 3 |  4- 6 |  7- 9 | 10-12 || total
-------------------------+-------+-------+-------+-------++-------
Melee: War axe           |    36 |   125 |    73 |       ||   234
       Headbutt          |     3 |    20 |    48 |    42 ||   113
       Unarmed           |       |       |     2 |       ||     2
       Flail             |       |       |   171 |   122 ||   293
       Hand axe          |       |       |       |   142 ||   142
Invok: Stomp             |       |       |     1 |       ||     1
Evoke: Wand              |       |       |     2 |       ||     2
  Use: Scroll            |     6 |     3 |       |    10 ||    19
       Potion            |     1 |       |       |       ||     1
 Stab: Paralysed         |       |     1 |    11 |    31 ||    43
       Distracted        |       |       |       |     1 ||     1
       Sleeping          |       |       |       |     1 ||     1
  Eat: Chunk             |       |     1 |    14 |     4 ||    19
       Ration            |       |     1 |       |     3 ||     4
Armor: Scale mail        |    14 |    44 |    68 |       ||   126
       Skin              |       |       |     1 |       ||     1
       Chain mail        |       |       |    42 |    88 ||   130
Dodge: Dodged            |     6 |    35 |    68 |    99 ||   208
Block: Shield            |    23 |    61 |    65 |       ||   149
       Buckler           |       |       |    33 |    73 ||   106
